 Dungeon Sprint DCSS version 0.30-a0-335-ge5acde7520 (webtiles) character file.

Game seed: 2959615328656312702

1389 mhtbhm the Basher (level 8, -2/83 HPs)
             Began as an Armataur Fighter on Oct 30, 2022.
             Was an Initiate of Gozag.
             Killed from afar by a gargoyle (28 damage)
             ... with a stone arrow
             ... in the Dungeon (Sprint IX: "|||||||||||||||||||||||||||||").
             The game lasted 00:01:15 (268 turns).

mhtbhm the Basher (Armataur Fighter)                 Turns: 268, Time: 00:01:16

Health: -2/83      AC: 11    Str: 26    XL:     8   Next: 40%
Magic:  8/8        EV:  8    Int:  9    God:    Gozag
Gold:   594        SH:  6    Dex: 13    Spells: 7/7 levels left

rFire   . . .      SeeInvis .    a - +2 morningstar (vorpal)
rCold   . . .      Faith    .    c - +0 buckler
rNeg    . . .      Spirit   .    b - +1 scale mail
rPois   .          Reflect  .    (no helmet)
rElec   .          Harm     .    m - +0 cloak
rCorr   .          Roll     +    (no gloves)
Will    .....      NoTele   +    (no barding)
Stlth   ..........               (no amulet)
HPRegen 0.33/turn                n - +3 ring of dexterity
MPRegen 0.11/turn                o - +3 ring of strength

@: mighty
A: large, rugged brown scales 3, deformed body, armoured tail, roll, long
tongue, awkward tongue
a: Renounce Religion, Potion Petition, Call Merchant, Bribe Branch


You were in the Dungeon.
You worshipped Gozag.
Gozag was pleased with you.
You visited 1 branch You collected 594 gold pieces.

Inventory:

Hand Weapons
 a - a +2 vorpal morningstar (weapon)
Armour
 b - a +1 scale mail (worn)
 c - a +0 buckler (worn)
 m - a +0 cloak (worn)
Jewellery
 n - a +3 ring of dexterity (left hand)
 o - a +3 ring of strength (right hand)
Wands
 l - a wand of roots (10)
Scrolls
 j - 2 scrolls of blinking
 k - 2 scrolls of amnesia
Potions
 e - 4 potions of curing
 f - 2 potions of heal wounds
 g - a potion of haste
 h - 4 potions of magic
 i - a potion of invisibility


   Skills:
 + Level 9.3 Fighting
 + Level 10.9 Maces & Flails
 + Level 10.4 Armour
 + Level 2.1 Dodging
 + Level 1.5 Stealth
 + Level 8.4 Shields


You had 7 spell levels left.
You didn't know any spells.
Your spell library was empty.

Dungeon Overview and Level Annotations

Branches:
Dungeon (1/1)

Altars:
Cheibriados
Dithmenos
Elyvilon
Fedhas
Gozag
Hepliaklqana
Kikubaaqudgha
Makhleb
Nemelex Xobeh
Okawaru
Qazlal
Ru
Sif Muna
Trog
Uskayaw
Vehumet
Wu Jian
Xom
Yredelemnul
Zin
The Shining One
Jiyva
Lugonu


Innate Abilities, Weirdness & Mutations

You are completely covered in rugged brown scales. (AC +3, +7% HP)
Armour fits poorly on your strangely shaped body.
You have a long armoured tail.
You roll when moving toward enemies. (Rampage)
Your long tongue fully drains potion bottles. (2x potion effects)
Your tongue gives you trouble enunciating. (1.5x scroll delay)


Message History

The manticore is distracted by your dazzling golden aura.
You closely miss the green ugly thing.
The green ugly thing is moderately wounded.
You block the green ugly thing's attack.
You closely miss the green ugly thing.
The green ugly thing is moderately wounded.
The green ugly thing bites you!
You closely miss the green ugly thing.
The green ugly thing is moderately wounded.
The manticore is no longer distracted by gold.
The green ugly thing bites you but does no damage.
You impale the green ugly thing!! You tail-slap the green ugly thing!!
You kill the green ugly thing!
Your Fighting skill increases to level 9!
Your Maces & Flails skill increases to level 10!
Your Armour skill increases to level 10!
Your Stealth skill increases to level 1!
You have reached level 8!
You feel clever.
You barely miss the slime creature. The slime creature hits you!
You bludgeon the slime creature!! You tail-slap the slime creature!!
The slime creature is severely wounded.
The slime creature hits you but does no damage.
You barely miss the slime creature. You tail-slap the slime creature!
The slime creature is almost dead.
The slime creature hits you but does no damage.
You impale the slime creature!!
You kill the slime creature!
The manticore is distracted by your dazzling golden aura.
Your Dodging skill increases to level 2!
You bludgeon the gargoyle!!
The gargoyle is severely damaged.
The gargoyle hurls a stone arrow at you.
The stone arrow hits you!
You hit the gargoyle but do no damage.
The gargoyle is severely damaged.
The gargoyle hurls a stone arrow at you.
The stone arrow hits you!!
You die...
Your body crumbles into a pile of gold. $$$$$ $ $ $ $$$$$ $ $ ▓▓▓▓▓▓▓▓▓▓▓▓▓▓▓▓▓▓▓▓▓▓▓▓ '..))[[...')))..@9.H9... ▓▓▓▓▓▓▓▓▓▓▓▓▓▓▓▓▓▓▓▓▓▓▓▓

You could see a manticore and 2 gargoyles.

Vanquished Creatures
  An ugly thing (D)
  A slime creature (D)
  A vampire (D)
  A yak (D)
  An orc warrior (D)
  An ogre (D)
  2 centaurs (D)
  A gnoll sergeant (D)
  A howler monkey (D)
  2 hounds (D)
  An adder (D)
  A worm (D)
  A ball python (D)
  A bat (D)
  A goblin (D)
  A quokka (D)
  A frilled lizard (D)
19 creatures vanquished.

Notes
Turn   | Place    | Note
-------+----------+-------------------------------------------
     0 | D        | mhtbhm the Armataur Fighter began the quest for the Orb.
     0 | D        | Reached XP level 1. HP: 19/19 MP: 1/1
    54 | D        | Noticed an ogre
    54 | D        | Noticed a hound
    54 | D        | Noticed a hound
    57 | D        | Reached XP level 2. HP: 27/27 MP: 2/2
    60 | D        | Killed an ogre
    61 | D        | Reached skill level 5 in Fighting
    61 | D        | Reached skill level 5 in Shields
    61 | D        | Reached XP level 3. HP: 38/38 MP: 3/3
    61 | D        | Reached XP level 4. HP: 44/44 MP: 4/4
    66 | D        | Reached XP level 5. HP: 53/53 MP: 5/5
    72 | D        | Found a snail-covered altar of Cheibriados.
    72 | D        | Found a shadowy altar of Dithmenos.
    72 | D        | Found a white marble altar of Elyvilon.
    72 | D        | Found a blossoming altar of Fedhas.
    72 | D        | Found an opulent altar of Gozag.
    73 | D        | Found a hazy altar of Hepliaklqana.
    74 | D        | Found a viscous altar of Jiyva.
    75 | D        | Found an ancient bone altar of Kikubaaqudgha.
    76 | D        | Found a corrupted altar of Lugonu.
    77 | D        | Found a burning altar of Makhleb.
    78 | D        | Found a sparkling altar of Nemelex Xobeh.
    79 | D        | Found an iron altar of Okawaru.
    80 | D        | Found a stormy altar of Qazlal.
    81 | D        | Found a sacrificial altar of Ru.
    82 | D        | Found a shimmering blue altar of Sif Muna.
    83 | D        | Found a bloodstained altar of Trog.
    84 | D        | Found a hide-covered altar of Uskayaw.
    85 | D        | Found a radiant altar of Vehumet.
    92 | D        | Became a worshipper of Gozag Ym Sagoz the Greedy
    99 | D        | Found an ornate altar of the Wu Jian Council.
   100 | D        | Found a shimmering altar of Xom.
   101 | D        | Found a basalt altar of Yredelemnul.
   102 | D        | Found a glowing silver altar of Zin.
   103 | D        | Found a glowing golden altar of the Shining One.
   111 | D        | Found the +6 Majin-Bo {vamp, MP+6 Int+6}
   156 | D        | Noticed a centaur
   156 | D        | Noticed a centaur
   156 | D        | Noticed an orc warrior
   156 | D        | Noticed a yak
   158 | D        | Killed a centaur
   159 | D        | Reached skill level 5 in Maces & Flails
   159 | D        | Reached skill level 1 in Dodging
   160 | D        | Reached XP level 6. HP: 59/62 MP: 6/6
   168 | D        | Killed an orc warrior
   174 | D        | Killed a yak
   175 | D        | Reached XP level 7. HP: 57/72 MP: 7/7
   252 | D        | Noticed a vampire
   252 | D        | Noticed a green ugly thing
   252 | D        | Noticed a slime creature
   252 | D        | Noticed a gargoyle
   252 | D        | Noticed a manticore
   252 | D        | Noticed a gargoyle
   255 | D        | Killed a vampire
   262 | D        | Killed a green ugly thing
   263 | D        | Reached skill level 10 in Maces & Flails
   263 | D        | Reached skill level 10 in Armour
   263 | D        | Reached skill level 1 in Stealth
   263 | D        | Reached XP level 8. HP: 47/83 MP: 8/8
   266 | D        | Killed a slime creature
   268 | D        | Killed from afar by a gargoyle

Illustrated notes

Levels and vault maps discovered:
D:        linesprint [early_d, line_temple, items_1, d_10, items_2, lair_1,
          lair_end, items_3, orc_1, orc_end, items_4, d_15, swamp_1, shoals_1,
          snake_1, spider_1, d_20, vaults_1, items_5, swamp_end, shoals_end,
          snake_end, spider_end, vaults_end, d_27, items_6, zot_1, zot_end,
          crypt_end, forest_end, elf_end, slime_end, tomb_end, abyss_end,
          pan_hell_end]

Skill      XL: |  1  2  3  4  5  6  7  8 |
---------------+-------------------------+-----
Fighting       | 3 5 6 8 9 |  9.3
Armour         | 4 6 7 8 9 10 | 10.4
Maces & Flails | 2 4 5 8 10 | 10.9
Shields        | 4 5 6 7 8 |  8.4
Dodging        | 1 2 |  2.1
Stealth        | 1 |  1.5

Action                   |  1- 3 |  4- 6 |  7- 9 || total
-------------------------+-------+-------+-------++-------
Melee: Flail             |    20 |     5 |       ||    25
       Tailslap          |     3 |     6 |     7 ||    16
       Morningstar       |       |    17 |    22 ||    39
  Use: Potion            |     1 |     1 |     2 ||     4
 Stab: Distracted        |       |       |     1 ||     1
Armor: Scale mail        |    10 |     7 |     4 ||    21
Dodge: Dodged            |     5 |     7 |       ||    12
Block: Buckler           |     2 |     5 |     6 ||    13

Table legend: (Time is in decaauts)
 A = Elapsed time spent in this place.
 B = Non-inter-level travel time spent in this place.
 C = Inter-level travel time spent in this place.
 D = Time resting spent in this place.
 E = Time spent auto-exploring this place.
 F = Levels seen in this place.
 G = Mean time per level.
                   A        B        C        D        E       F      G
               +--------+--------+--------+--------+--------+-----+--------+
         Total |    285 |    285 |      0 |     83 |      3 |   1 |  285.0 |
       Dungeon |    285 |    285 |      0 |     83 |      3 |   1 |  285.0 |
               +--------+--------+--------+--------+--------+-----+--------+

Top non-repeatable levels by time:
       D: 285 daAuts
